 Dungeon Crawl Stone Soup version 0.25-a0-571-gb5e01bddfa (webtiles) character file.

Game seed: 5703487451666768120, levelgen mode: deterministic

1790 Eurus the Conjurer (level 8, -16/62 HPs)
             Began as a Mummy Conjurer on Feb 29, 2020.
             Was an Initiate of Ashenzari.
             Demolished by an orc warrior
             ... wielding a +0 morningstar
              (18 damage)
             ... on level 7 of the Dungeon.
             The game lasted 00:16:13 (7244 turns).

Eurus the Conjurer (Mummy Conjurer)                 Turns: 7244, Time: 00:16:14

Health: -16/62     AC:  4    Str: 15    XL:     8   Next: 82%
Magic:  12/18      EV: 12    Int: 16    God:    Ashenzari [......]
Gold:   301        SH:  0    Dex: 12    Spells: 13/20 levels left

rFire    x . .     SeeInvis +   n - +7 short sword "Ustaiph" {vorpal, rC++ Str+3 Stlth+} (curse)
rCold    + + +     Gourm    .   (no shield)
rNeg     + + +     Faith    .   a - +0 robe
rPois    ∞         Spirit   .   j - +1 helmet
rElec    .         Reflect  .   m - scarf {repulsion}
rCorr    .         Harm     .   (no gloves)
MR       +....                  (no boots)
Stlth    +++.......             k - amulet of magic regeneration (curse)
HPRegen  0.20/turn              l - ring of see invisible
MPRegen  0.41/turn              (no ring)

@: repel missiles
A: no food or potions, fire vulnerability, cold resistance 1, negative energy
resistance 3, torment resistance, unbreathing
a: Curse Item, Renounce Religion


You were on level 7 of the Dungeon.
You worshipped Ashenzari.
Ashenzari was noncommittal.
You were not hungry.

You visited 2 branches of the dungeon, and saw 8 of its levels.

You collected 301 gold pieces.

Inventory:

Hand Weapons
 n - the cursed +7 short sword "Ustaiph" (weapon) {vorpal, rC++ Str+3 Stlth+}
   (You took it off an orc wizard on level 4 of the Dungeon)

   It inflicts extra damage upon your enemies.
   It affects your strength (+3).
   It greatly protects you from cold.
   It makes you more stealthy.
   It has a curse placed upon it.
Armour
 a - a +0 robe (worn)
 j - a +1 helmet (worn)
 m - a scarf of repulsion (worn)
Jewellery
 k - a cursed amulet of magic regeneration (around neck)
 l - a ring of see invisible (left hand)
Wands
 o - a wand of flame (20)
Scrolls
 b - 5 scrolls of identify
 c - 2 scrolls of immolation
 e - 3 scrolls of magic mapping
 f - 4 scrolls of teleportation
 g - a scroll of enchant weapon
 h - a scroll of remove curse
 i - a scroll of enchant armour


   Skills:
 + Level 5.0 Fighting
 - Level 1.5 Dodging
 - Level 1.5 Stealth
 + Level 6.8 Spellcasting
 * Level 7.1 Conjurations
 + Level 3.3 Translocations


You had 13 spell levels left.
You knew the following spells:

 Your Spells              Type           Power        Failure   Level  Hunger
a - Magic Dart            Conj           ####         1%          1    N/A
b - Searing Ray           Conj           ####..       1%          2    N/A
c - Iskenderun's Mystic   Conj/Tloc      ###.....     14%         4    N/A

Your spell library contained the following spells:

 Spells                   Type           Power        Failure   Level  Hunger
 Dazzling Flash           Conj/Hex       ###...       9%          3    N/A
 Fulminant Prism          Conj/Hex       ###.......   28%         4    N/A

Dungeon Overview and Level Annotations

Branches:
Dungeon (7/15)             Temple (1/1) D:6

Altars:
Ashenzari
Cheibriados
Dithmenos
Elyvilon
Fedhas
Hepliaklqana
Kikubaaqudgha
Makhleb
Nemelex Xobeh
Okawaru
Qazlal
Ru
Sif Muna
Trog
Uskayaw
Vehumet
Xom
Yredelemnul
Zin
The Shining One

Shops:
D:6 }

Annotations:
D:5 Prince Ribbit


Innate Abilities, Weirdness & Mutations

You do not eat or drink.
Your flesh is vulnerable to fire.
You are immune to poison.
Your flesh is cold resistant. (rC+)
You are immune to negative energy. (rN+++)
You are immune to unholy pain and torment.
You can survive without breathing.


Message History

You hit the orc warrior but do no damage.
The orc warrior is heavily wounded.
The orc warrior closely misses you.
You hit the orc warrior but do no damage.
The orc warrior is heavily wounded.
You hit the orc warrior.
The orc warrior is severely wounded.
The orc warrior hits you with a +0 morningstar!
* * * LOW HITPOINT WARNING * * *
You hit the orc warrior.
The orc warrior is almost dead.
The orc warrior misses you.
You hit the orc warrior but do no damage.
The orc warrior is almost dead.
The orc warrior hits you with a +0 morningstar.
* * * LOW HITPOINT WARNING * * *
You closely miss the orc warrior.
The orc warrior is almost dead.
The orc warrior hits you with a +0 morningstar!!
You die...

*,* *,* *,* *,* *.* *<* *,*
*.## ***,*** *,* *..# *,,,,,*
*,* *#.# ****,,,,,* *,*#####.#
*,,,,,,,,* *,,,...#.#
*,**,,,,,*
*****###$####.#.#####.##.,,,,*
*,,,,.........@oo)†......*****
*,***##..####.#.#####.##.* *
*,* *,,* #<#..# **,**,******
*,* *,,* #.##.# *,,,,,,,,,,,
*,* *,,* #.#*.# *,,**,******
*,* *,,* #.#*.# *,,**,* * *,*
*>,* #.#*.# *,,**,* *,* *,**
#.#*.# *,,**,* *,*
#.#####.##.# *,,**,******


You could see an orc warrior and an orc.

Vanquished Creatures
  A sky beast (D:5)
  2 ice beasts
  A phantom (D:4)
  A centaur (D:5)
  2 ogres
  A wyvern zombie (D:4)
  A scorpion (D:5)
  A howler monkey (D:4)
  3 vampire bats (D:6)
  2 jellies (D:6)
  3 orc priests
  2 hounds (D:5)
  A centaur skeleton (D:4)
  2 iguanas
  7 orc wizards
  5 worker ants
  A hound skeleton (D:4)
  A worker ant zombie (D:5)
  A howler monkey skeleton (D:2)
  11 adders
  4 gnolls (D:4)
  A shadow imp (D:6)
  An ooze (D:1)
  2 worms (D:3)
  3 dart slugs
  4 leopard geckos
  19 orcs
  4 bat skeletons (D:6)
  A bat zombie (D:6)
  4 giant cockroaches
  6 goblins
  7 hobgoblins
  12 jackals
  2 quokkas
  7 bats
  8 frilled lizards
  A jackal skeleton (D:5)
  4 kobolds
  6 rats
145 creatures vanquished.

Notes
Turn   | Place    | Note
-------+----------+-------------------------------------------
     0 | D:1      | Eurus the Mummy Conjurer began the quest for the Orb.
     0 | D:1      | Reached XP level 1. HP: 13/13 MP: 4/4
   250 | D:1      | Found an iron altar of Okawaru.
   272 | D:1      | Reached XP level 2. HP: 20/20 MP: 1/5
   276 | D:1      | Learned a level 2 spell: Searing Ray
   939 | D:1      | Reached skill level 1 in Fighting
  1041 | D:2      | Reached XP level 3. HP: 26/26 MP: 3/7
  1358 | D:2      | Found a hazy altar of Hepliaklqana.
  1360 | D:2      | Found a basalt altar of Yredelemnul.
  1412 | D:2      | Reached skill level 4 in Conjurations
  1580 | D:2      | Reached XP level 4. HP: 29/32 MP: 6/9
  2350 | D:3      | Noticed an ice beast
  2369 | D:3      | Killed an ice beast
  2369 | D:3      | Reached XP level 5. HP: 32/39 MP: 2/11
  2390 | D:3      | Learned a level 4 spell: Iskenderun's Mystic Blast
  2562 | D:3      | Found a snail-covered altar of Cheibriados.
  2765 | D:3      | Found a radiant altar of Vehumet.
  3205 | D:3      | Reached XP level 6. HP: 24/46 MP: 7/12
  3351 | D:4      | Reached skill level 5 in Conjurations
  3717 | D:4      | Reached skill level 1 in Translocations
  3813 | D:4      | Reached XP level 7. HP: 52/52 MP: 6/14
  3901 | D:4      | Reached skill level 5 in Spellcasting
  4242 | D:4      | Identified the +7 short sword "Ustaiph" {vorpal, rC++ Str+3
                  | Stlth+}
  4790 | D:5      | Entered Level 5 of the Dungeon
  4790 | D:5      | Noticed Prince Ribbit
  4912 | D:5      | Reached skill level 6 in Conjurations
  5075 | D:5      | Reached XP level 8. HP: 36/60 MP: 11/16
  5768 | D:5      | Found a shimmering blue altar of Sif Muna.
  5847 | D:6      | Found Jekest's Gadget Emporium.
  6515 | D:6      | Found a staircase to the Ecumenical Temple.
  6524 | Temple   | Entered the Ecumenical Temple
  6670 | Temple   | Became a worshipper of Ashenzari the Shackled
  6945 | D:6      | Found an ancient bone altar of Kikubaaqudgha.
  6995 | D:6      | Reached skill level 7 in Conjurations
  7206 | D:7      | Reached skill level 5 in Fighting
  7239 | D:7      | HP: 2/62 [orc warrior/+0 morningstar (16)]
  7244 | D:7      | Demolished by an orc warrior

Levels and vault maps discovered:
D:1:      mrwooster_arrival_statue, layout_loops_ring, okawaru_ov_weapons_minmay
D:2:      layout_basic, grunt_temple_overflow_open, kennysheep_flooded_box,
          minmay_misc_feat_four_crosses, dk_vineyard_3,
          ebering_dispersal_statue_hall
D:3:      layout_basic, overflow_temple_1_default, first_ration,
          cheibriados_altar_1
D:4:      layout_rooms, hangedman_decor_diamond_cutter,
          hangedman_abyss_or_decor_passed, kennysheep_generic_room_16
D:5:      layout_loops_ring, lemuel_blue_sif_altar, uniq_prince_ribbit1
D:6:      layout_cave_pools, kennysheep_vampire_church,
          minmay_temple_entry_purple_smoke, serial_shops, shop
D:7:      layout_loops_ring
Temple:   regret_index_temple_waves

Skill      XL: |  1  2  3  4  5  6  7  8 |
---------------+-------------------------+-----
Spellcasting   | 3 4 5 6 |  6.8
Fighting       | 1 2 3 4 5 |  5.0
Conjurations   | 4 5 6 7 |  7.1
Translocations | 1 2 3 |  3.3
Dodging        | |  1.5
Stealth        | |  1.5

Action                   |  1- 3 |  4- 6 |  7- 9 || total
-------------------------+-------+-------+-------++-------
Melee: Club              |    18 |       |       ||    18
       Short sword       |    60 |    52 |    80 ||   192
 Cast: Magic Dart        |    45 |    21 |    35 ||   101
       Searing Ray       |     2 |    20 |    33 ||    55
Invok: Curse Item        |       |       |     2 ||     2
  Use: Scroll            |       |       |     6 ||     6
 Stab: Sleeping          |       |     2 |       ||     2
Armor: Robe              |    38 |    24 |    15 ||    77
Dodge: Dodged            |    76 |    57 |    77 ||   210
       Deflected         |       |       |     4 ||     4

Table legend:
 A = Non-vault XP
 B = Vault XP
 C = Vault XP percentage of total XP
 D = Non-vault monster count
 E = Vault monster count
 F = Vault count percentage of total count
                 A         B        C        D         E       F
            +---------+---------+-------+---------+---------+-------
      Total |    2329 |     229 |   9.0 |     136 |       9 |   6.2
            +---------+---------+-------+---------+---------+-------
        D:1 |      33 |       0 |   0.0 |      15 |       0 |   0.0
        D:2 |      86 |       0 |   0.0 |      28 |       0 |   0.0
        D:3 |     328 |       0 |   0.0 |      25 |       0 |   0.0
        D:4 |     643 |      55 |   7.9 |      28 |       1 |   3.4
        D:5 |     646 |       0 |   0.0 |      20 |       0 |   0.0
        D:6 |     417 |     174 |  29.4 |      15 |       8 |  34.8
        D:7 |     176 |       0 |   0.0 |       5 |       0 |   0.0
            +---------+---------+-------+---------+---------+-------
